3R
BOMPTON BABY LAKERS @ TWINSBURG TIGERS
07/18/2037
 
TOP OF THE 1ST
Bompton Baby Lakers batting - Pitching for Twinsburg Tigers : RHP Elliot Roebuck
Pitching: RHP Elliot Roebuck
Batting: RHB Steffen Schulte 0-0: SINGLE (Flyball, 8LS, EV 83.1 MPH)
Batting: RHB Aaron Tuttle 0-0: Swinging Strike
0-1: Ball
1-1: Swinging Strike
1-2: Ball
2-2: Ball
3-2: SINGLE (Line Drive, 9S, EV 105.0 MPH)
Steffen Schulte to second
Batting: RHB Maema Njongmeta 0-0: Swinging Strike
0-1: Ball
1-1: Ball
2-1: Ball
3-1: Fly out, F8 (Flyball, 8RXD, EV 81.9 MPH)
Runner from 2nd tags up, SAFE at 3rd, no throw by CF
Batting: RHB Doug Page 0-0: Foul Ball, location: 2F
0-1: Ball
Aaron Tuttle steals 2nd base
1-1: Foul Ball, location: 2F
1-2: Ball
2-2: Fly out, F3 (Popup, 3SF, EV 79.4 MPH)
Batting: LHB Ben Chell 0-0: SINGLE (Groundball, 34D, EV 96.9 MPH)
Steffen Schulte scores
Aaron Tuttle to third
Runner from 3rd tries for Home, throw by RF and OUT! 9-2
Top of the 1st over - 1 run, 3 hits, 0 errors, 1 left on base; Bompton 1 - Twinsburg 0
BOTTOM OF THE 1ST
Twinsburg Tigers batting - Pitching for Bompton Baby Lakers : RHP Bill Holbrook
Pitching: RHP Bill Holbrook
Batting: RHB Matthew Hunt 0-0: Called Strike
0-1: Ball
1-1: Foul Ball, location: 2F
1-2: Strikes out looking
Batting: RHB John Jackson 0-0: Called Strike
0-1: Ground out 5-3 (Groundball, 56, EV 76.2 MPH)
Batting: LHB Aklilu Heri 0-0: Ball
1-0: Ball
2-0: Ground out 1-3 (Groundball, 13, EV 90.6 MPH)
Bottom of the 1st over - 0 runs, 0 hits, 0 errors, 0 left on base; Bompton 1 - Twinsburg 0
TOP OF THE 2ND
Bompton Baby Lakers batting - Pitching for Twinsburg Tigers : RHP Elliot Roebuck
Batting: RHB Claudio Corona 0-0: Called Strike
0-1: Ball
1-1: Ball
2-1: Called Strike
2-2: Strikes out swinging
Batting: RHB Wei Tu 0-0: Ball
1-0: Ground out 1-3 (Groundball, 34S, EV 88.8 MPH)
Batting: RHB Denny Wolfe 0-0: Ball
1-0: Fly out, F8 (Line Drive, 8RM, EV 107.5 MPH)
Top of the 2nd over - 0 runs, 0 hits, 0 errors, 0 left on base; Bompton 1 - Twinsburg 0
BOTTOM OF THE 2ND
Twinsburg Tigers batting - Pitching for Bompton Baby Lakers : RHP Bill Holbrook
Batting: RHB Axel Ruschmeyer 0-0: Ball
1-0: Swinging Strike
1-1: Ball
2-1: Foul Ball, location: 2F
2-2: Ground out 5-3 (Groundball, 56, EV 89.4 MPH)
Batting: RHB Dave Hill 0-0: Ball
1-0: SINGLE (Flyball, 78S, EV 90.6 MPH)
Batting: RHB Woong Byeon 0-0: Called Strike
0-1: Grounds into double play, U4-3 (Groundball, 6M, EV 84.4 MPH)
Bottom of the 2nd over - 0 runs, 1 hit, 0 errors, 0 left on base; Bompton 1 - Twinsburg 0
TOP OF THE 3RD
Bompton Baby Lakers batting - Pitching for Twinsburg Tigers : RHP Elliot Roebuck
Batting: RHB Rick Pawlowicz 0-0: Called Strike
0-1: Ball
1-1: Called Strike
1-2: Ball
2-2: Strikes out swinging
Batting: RHB Steffen Schulte 0-0: Called Strike
0-1: Ball
1-1: Swinging Strike
1-2: Ground out U3 (Groundball, 3, EV 92.5 MPH)
Batting: RHB Aaron Tuttle 0-0: Called Strike
0-1: Ground out 1-3 (Groundball, 15, EV 81.2 MPH)
Top of the 3rd over - 0 runs, 0 hits, 0 errors, 0 left on base; Bompton 1 - Twinsburg 0
BOTTOM OF THE 3RD
Twinsburg Tigers batting - Pitching for Bompton Baby Lakers : RHP Bill Holbrook
Batting: RHB Jackson Cluff 0-0: Ball
1-0: Fly out, F4 (Popup, 4M, EV 70.0 MPH)
Batting: RHB Vicente López 0-0: SINGLE (Groundball, 56D, EV 95.0 MPH)
Batting: LHB Bobby O'Kennedy 0-0: Ball
1-0: Called Strike
1-1: Foul Ball, location: 2F
1-2: Strikes out swinging
Batting: RHB Matthew Hunt 0-0: Ball
1-0: Called Strike
1-1: Foul Ball, location: 2F
1-2: Foul Ball, location: 2F
1-2: Ball
2-2: Hit by Pitch
Vicente López to second
Batting: RHB John Jackson 0-0: Ball
1-0: Ball
2-0: Foul Ball, location: 2F
2-1: Foul Ball, location: 2F
2-2: Foul Ball, location: 2F
2-2: Ball
3-2: Foul Ball, location: 2F
3-2: Ground out 4-3 (Groundball, 4M, EV 84.4 MPH)
Bottom of the 3rd over - 0 runs, 1 hit, 0 errors, 2 left on base; Bompton 1 - Twinsburg 0
TOP OF THE 4TH
Bompton Baby Lakers batting - Pitching for Twinsburg Tigers : RHP Elliot Roebuck
Batting: RHB Maema Njongmeta 0-0: Swinging Strike
0-1: Ball
1-1: Foul Ball, location: 2F
1-2: Ball
2-2: Foul Ball, location: 2F
2-2: Strikes out swinging
Batting: RHB Doug Page 0-0: Called Strike
0-1: Ball
1-1: Ball
2-1: Foul Ball, location: 2F
2-2: Ball
3-2: SINGLE (Groundball, 56D, EV 108.1 MPH)
Batting: LHB Ben Chell 0-0: Ball
1-0: Foul Ball, location: 2F
1-1: Foul Ball, location: 2F
1-2: Foul Ball, location: 2F
1-2: Ball
2-2: Ball
3-2: Foul Ball, location: 2F
3-2: Base on Balls
Doug Page to second
Batting: RHB Claudio Corona 0-0: Foul Ball, location: 2F
0-1: Ball
1-1: Fly out, F9 (Flyball, 9S, EV 80.6 MPH)
Batting: RHB Wei Tu 0-0: Ball
1-0: SINGLE (Groundball, 4D, EV 100.0 MPH)
Doug Page to third
Ben Chell to second
Runner from 3rd tries for Home, SAFE, no throw by RF
Batting: RHB Denny Wolfe 0-0: Fielders Choice at 2nd, 6-4 (Groundball, 6, EV 109.4 MPH)
Top of the 4th over - 1 run, 2 hits, 0 errors, 2 left on base; Bompton 2 - Twinsburg 0
BOTTOM OF THE 4TH
Twinsburg Tigers batting - Pitching for Bompton Baby Lakers : RHP Bill Holbrook
Batting: LHB Aklilu Heri 0-0: Called Strike
0-1: Ball
1-1: Ball
2-1: Foul Ball, location: 2F
2-2: SINGLE (Flyball, 78S, EV 90.6 MPH)
Batting: RHB Axel Ruschmeyer 0-0: Ball
1-0: Ball
2-0: Ball
3-0: Called Strike
3-1: Foul Ball, location: 2F
3-2: Fly out, F8 (Flyball, 89M, EV 86.9 MPH)
Batting: RHB Dave Hill 0-0: Ball
1-0: Ball
2-0: DOUBLE (Line Drive, 3D, EV 94.4 MPH)
Aklilu Heri to third
Batting: RHB Woong Byeon 0-0: Ball
1-0: Swinging Strike
1-1: Ground out 1-3 (Groundball, 15, EV 78.8 MPH)
Batting: RHB Jackson Cluff 0-0: Ball
1-0: Called Strike
1-1: Ground out 5-3 (Groundball, 56, EV 80.0 MPH)
Bottom of the 4th over - 0 runs, 2 hits, 0 errors, 2 left on base; Bompton 2 - Twinsburg 0
TOP OF THE 5TH
Bompton Baby Lakers batting - Pitching for Twinsburg Tigers : RHP Elliot Roebuck
Batting: RHB Rick Pawlowicz 0-0: Called Strike
0-1: Foul Ball, location: 2F
0-2: Reached on error, E6 (Groundball, 6, EV 87.5 MPH)
Batting: RHB Steffen Schulte 0-0: Ball
1-0: Ground out 1-3 (Groundball, 34S, EV 80.0 MPH)
Rick Pawlowicz to third
Batting: RHB Aaron Tuttle 0-0: Ball
1-0: Swinging Strike
1-1: DOUBLE (Line Drive, 9LM, EV 101.9 MPH)
Rick Pawlowicz scores
Batting: RHB Maema Njongmeta 0-0: Fly out, F9 (Flyball, 9, EV 90.0 MPH)
Batting: RHB Doug Page 0-0: Ball
1-0: Ball
2-0: Called Strike
2-1: Ground out 6-3 (Groundball, 6MD, EV 106.2 MPH)
Top of the 5th over - 1 run, 1 hit, 1 error, 1 left on base; Bompton 3 - Twinsburg 0
BOTTOM OF THE 5TH
Twinsburg Tigers batting - Pitching for Bompton Baby Lakers : RHP Bill Holbrook
Batting: RHB Vicente López 0-0: Ball
1-0: Ball
2-0: Foul Ball, location: 2F
2-1: SINGLE (Line Drive, 89S, EV 105.0 MPH)
Batting: LHB Bobby O'Kennedy 0-0: Called Strike
0-1: Ball
1-1: Ball
2-1: Called Strike
2-2: Ball
3-2: Foul Ball, location: 2F
3-2: Fly out, F6 (Popup, 6, EV 61.2 MPH)
Batting: RHB Matthew Hunt 0-0: Foul Ball, location: 2F
0-1: Ball
1-1: Sac Bunt to P - play at first, batter OUT! 1-3
Vicente López to second
Batting: RHB John Jackson 0-0: Ball
1-0: Called Strike
1-1: Foul Ball, location: 2F
1-2: Ball
2-2: Ball
3-2: Strikes out swinging
Bottom of the 5th over - 0 runs, 1 hit, 0 errors, 1 left on base; Bompton 3 - Twinsburg 0
TOP OF THE 6TH
Bompton Baby Lakers batting - Pitching for Twinsburg Tigers : RHP Elliot Roebuck
Batting: LHB Ben Chell 0-0: Called Strike
0-1: Ball
1-1: Ball
2-1: Foul Ball, location: 2F
2-2: Foul Ball, location: 2F
2-2: Strikes out swinging
Batting: RHB Claudio Corona 0-0: Called Strike
0-1: Foul Ball, location: 2F
0-2: Ball
1-2: Foul Ball, location: 2F
1-2: Ball
2-2: SINGLE (Line Drive, 89S, EV 93.1 MPH)
Batting: RHB Wei Tu 0-0: Called Strike
0-1: Foul Ball, location: 2F
0-2: Ball
1-2: Ball
2-2: Foul Ball, location: 2F
2-2: Ball
3-2: Foul Ball, location: 2F
3-2: Strikes out looking
Pitching: RHP Henry Terry
Batting: RHB Denny Wolfe 0-0: Ball
1-0: Ball
2-0: Foul Ball, location: 2F
2-1: Called Strike
2-2: Foul Ball, location: 2F
2-2: Fielders Choice at 2nd, 6-4 (Groundball, 6, EV 82.5 MPH)
Top of the 6th over - 0 runs, 1 hit, 0 errors, 1 left on base; Bompton 3 - Twinsburg 0
BOTTOM OF THE 6TH
Twinsburg Tigers batting - Pitching for Bompton Baby Lakers : RHP Bill Holbrook
Batting: LHB Aklilu Heri 0-0: Foul Ball, location: 2F
0-1: Ball
1-1: Foul Ball, location: 2F
1-2: Ball
2-2: Fly out, F8 (Flyball, 8RS, EV 88.1 MPH)
Batting: RHB Axel Ruschmeyer 0-0: Swinging Strike
0-1: Called Strike
0-2: Foul Ball, location: 2F
0-2: SINGLE (Groundball, 4D, EV 102.5 MPH)
Batting: RHB Dave Hill 0-0: Ball
Axel Ruschmeyer is caught stealing 2nd base 2-4
1-0: Called Strike
1-1: SINGLE (Groundball, 6D, EV 102.5 MPH)
Batting: RHB Woong Byeon 0-0: Fly out, F8 (Flyball, 8RS, EV 84.4 MPH)
Bottom of the 6th over - 0 runs, 2 hits, 0 errors, 1 left on base; Bompton 3 - Twinsburg 0
TOP OF THE 7TH
Bompton Baby Lakers batting - Pitching for Twinsburg Tigers : RHP Henry Terry
Batting: RHB Rick Pawlowicz 0-0: Foul Ball, location: 2F
0-1: Called Strike
0-2: Ball
1-2: Ball
2-2: Foul Ball, location: 2F
2-2: Ground out 5-3 (Groundball, 56S, EV 67.5 MPH)
Batting: RHB Steffen Schulte 0-0: Ball
1-0: Ground out 5-3 (Groundball, 56, EV 99.4 MPH)
Batting: RHB Aaron Tuttle 0-0: Ground out 5-3 (Groundball, 56, EV 101.9 MPH)
Top of the 7th over - 0 runs, 0 hits, 0 errors, 0 left on base; Bompton 3 - Twinsburg 0
BOTTOM OF THE 7TH
Twinsburg Tigers batting - Pitching for Bompton Baby Lakers : RHP Bill Holbrook
Batting: RHB Jackson Cluff 0-0: Called Strike
0-1: Ball
1-1: Ball
2-1: Fly out, F9 (Flyball, 9S, EV 68.8 MPH)
Batting: RHB Vicente López 0-0: Ball
1-0: Called Strike
1-1: SINGLE (Groundball, 6D, EV 108.1 MPH)
Batting: LHB Bobby O'Kennedy 0-0: Fly out, F7 (Flyball, 78S, EV 88.1 MPH)
Batting: RHB Matthew Hunt 0-0: Ground out 5-3 (Groundball, 56S, EV 83.8 MPH)
Bottom of the 7th over - 0 runs, 1 hit, 0 errors, 1 left on base; Bompton 3 - Twinsburg 0
TOP OF THE 8TH
Bompton Baby Lakers batting - Pitching for Twinsburg Tigers : RHP Henry Terry
Batting: RHB Maema Njongmeta 0-0: Called Strike
0-1: Ball
1-1: Called Strike
1-2: Foul Ball, location: 2F
1-2: SINGLE (Groundball, 4D, EV 106.2 MPH)
Batting: RHB Doug Page 0-0: Foul Ball, location: 2F
0-1: Ball
1-1: Foul Ball, location: 2F
1-2: Ball
2-2: Strikes out looking
Batting: LHB Ben Chell 0-0: Called Strike
0-1: Swinging Strike
0-2: Ball
1-2: Ball
2-2: Strikes out swinging
Batting: RHB Claudio Corona 0-0: Ball
1-0: Ball
2-0: Ball
3-0: Called Strike
3-1: Foul Ball, location: 2F
3-2: Base on Balls
Maema Njongmeta to second
Batting: RHB Wei Tu 0-0: Called Strike
0-1: Foul Ball, location: 2F
0-2: Strikes out swinging
Top of the 8th over - 0 runs, 1 hit, 0 errors, 2 left on base; Bompton 3 - Twinsburg 0
BOTTOM OF THE 8TH
Twinsburg Tigers batting - Pitching for Bompton Baby Lakers : RHP Bill Holbrook
Pitching: RHP Li-zhi Hao
Batting: RHB John Jackson 0-0: Fly out, F6 (Popup, 6, EV 77.5 MPH)
Batting: LHB Aklilu Heri 0-0: Swinging Strike
0-1: Called Strike
0-2: Foul Ball, location: 2F
0-2: Strikes out looking
Batting: RHB Axel Ruschmeyer 0-0: Called Strike
0-1: Called Strike
0-2: Strikes out looking
Bottom of the 8th over - 0 runs, 0 hits, 0 errors, 0 left on base; Bompton 3 - Twinsburg 0
TOP OF THE 9TH
Bompton Baby Lakers batting - Pitching for Twinsburg Tigers : RHP Henry Terry
Batting: RHB Denny Wolfe 0-0: Swinging Strike
0-1: SINGLE (Groundball, 56D, EV 106.2 MPH)
Pitching: RHP José Peña
Batting: RHB Rick Pawlowicz 0-0: Swinging Strike
0-1: Grounds into double play, 6-4-3 (Groundball, 6, EV 81.9 MPH)
Batting: RHB Steffen Schulte 0-0: Ball
1-0: Foul Ball, location: 2F
1-1: Ball
2-1: Foul Ball, location: 2F
2-2: DOUBLE (Line Drive, 9LM, EV 102.5 MPH)
Batting: RHB Aaron Tuttle 0-0: Called Strike
0-1: Ball
1-1: Foul Ball, location: 2F
1-2: Ball
2-2: Strikes out swinging
Top of the 9th over - 0 runs, 2 hits, 0 errors, 1 left on base; Bompton 3 - Twinsburg 0
BOTTOM OF THE 9TH
Twinsburg Tigers batting - Pitching for Bompton Baby Lakers : RHP Li-zhi Hao
Pitching: RHP Jason Logan
Batting: RHB Dave Hill 0-0: Ball
1-0: Swinging Strike
1-1: Called Strike
1-2: Strikes out swinging
Batting: RHB Woong Byeon 0-0: Ball
1-0: Called Strike
1-1: Called Strike
1-2: Foul Ball, location: 2F
1-2: Foul Ball, location: 2F
1-2: Ball
2-2: Strikes out swinging
Batting: RHB Jackson Cluff 0-0: Ball
1-0: Ball
2-0: Ball
3-0: Base on Balls
Batting: RHB Vicente López 0-0: Ball
1-0: SINGLE (Line Drive, 4MD, EV 97.5 MPH)
Jackson Cluff to second
Batting: LHB Bobby O'Kennedy 0-0: Ball
1-0: Ball
2-0: Foul Ball, location: 2F
2-1: Fly out, F8 (Line Drive, 8LM, EV 96.2 MPH)
Bottom of the 9th over - 0 runs, 1 hit, 0 errors, 2 left on base; Bompton 3 - Twinsburg 0
Thursday, January 23rd, 2020 - OOTP Baseball 20.8 Build 74